 Dungeon Crawl Stone Soup version 0.29-a0-322-g68df515 (webtiles) character file.

Game seed: 16445060174685596922

42 Dernum the Ducker (level 3, 25/27 HPs)
             Began as a Djinni Hedge Wizard on Apr 9, 2022.
             Was a Follower of Qazlal.
             Quit the game on level 1 of the Dungeon.
             The game lasted 00:17:28 (1727 turns).

Dernum the Ducker (Djinni Hedge Wizard)             Turns: 1727, Time: 00:17:28

Health: 25/27      AC:  5    Str:  9    XL:     3   Next: 77%
Gold:   25         EV: 10    Int: 17    God:    Qazlal [*.....] SH:  2 Dex: 12

rFire   + + .      SeeInvis .   a - +0 dagger
rCold   x . .      Faith    .   (no shield)
rNeg    . . .      Spirit   .   f - +0 ring mail
rPois   ∞          Reflect  .   c - +0 hat
rElec   .          Harm     .   (no cloak)
rCorr   .          Rampage  .   (no gloves)
Will    .....                   (boots unavailable)
Stlth   +.........              (no amulet)
HPRegen 0.09/turn               (no ring)
MPRegen 0.00/turn               (no ring)

@: flying
A: sickness immunity, fire resistance 2, cold vulnerability 1, float, innate
caster, HP casting, extra vitality 1
a: Renounce Religion


You were on level 1 of the Dungeon.
You worshipped Qazlal.
Qazlal was aware of your devotion.
You visited 1 branch of the dungeon, and saw 1 of its levels.

You collected 25 gold pieces.

Inventory:

Hand Weapons
 a - a +0 dagger (weapon)
Missiles
 d - 10 poisoned darts
Armour
 b - a +0 robe
 c - a +0 hat (worn)
 f - a +0 ring mail (worn)
   (You found it on level 1 of the Dungeon)
 k - a +0 ring mail
   (You found it on level 1 of the Dungeon)
 l - a +0 robe
   (You found it on level 1 of the Dungeon)
Scrolls
 g - a scroll of enchant armour {unknown}
 i - a scroll of identify {unknown}
Potions
 e - a potion of haste {unknown}
 h - 2 potions of heal wounds {unknown}
 j - a potion of cancellation {unknown}


   Skills:
 + Level 1.1 Fighting
 + Level 3.0 Dodging
 - Level 1.9 Stealth
 + Level 2.8 Spellcasting


You couldn't memorise any spells.
You knew the following spells:

 Your Spells              Type           Power      Damage    Failure   Level
a - Magic Dart            Conj           48%        1d5       16%         1
b - Blink                 Tloc           24%        N/A       24%         2
c - Shock                 Conj/Air       48%        1d6       16%         1
d - Conjure Flame         Conj/Fire      12%        6-21      43%         3
f - Mephitic Cloud        Conj/Pois/Air  12%        N/A       43%         3
s - Slow                  Hex            48%        N/A       16%         1
x - Call Imp              Summ           12%        N/A       24%         2
Your spell library was empty.

Dungeon Overview and Level Annotations

Branches:
Dungeon (1/15)

Altars:
Qazlal


Innate Abilities, Weirdness & Mutations

You are immune to sickness and miasma.
You are immune to poison.
Your flesh is very heat resistant. (rF++)
You are vulnerable to cold. (rC-)
You float through the air rather than walking.
You learn spells naturally, not from books.
Your magical power is your life essence.
You have superior vitality. (+4 MHP)


Message History

Aim: a hobgoblin, wearing a +6 ring of intelligence and quivering stones (severely wounded, 100% to hit)
The magic dart hits the hobgoblin.
You kill the hobgoblin!
Qazlal accepts your kill.
Your Dodging skill increases to level 3!
You need no library to learn spells.
You need no library to learn spells.
You don't know that spell.
You don't know that spell.
You need no library to learn spells.
Unknown command.
Unknown command.
You don't know that spell.
You don't know that spell.
A rock wall.
Unknown command.
Okay, then.
You don't know that spell.
You can't see any susceptible monsters within range! (Use Z to cast anyway.)
A frilled lizard comes into view.
The magic dart hits the frilled lizard.
You kill the frilled lizard!
Qazlal accepts your kill.
You can't see any susceptible monsters within range! (Use Z to cast anyway.)
You can't see any susceptible monsters within range! (Use Z to cast anyway.)
You see here a +0 club.
An endoplasm comes into view.
The endoplasm quivers.
The magic dart hits the endoplasm.
The magic dart hits the endoplasm.
You kill the endoplasm!
Qazlal accepts your kill.
You can't see any susceptible monsters within range! (Use Z to cast anyway.)
You don't know that spell.
You don't know that spell.
You don't know that spell.
You don't know that spell.
There's nothing to close nearby.
Okay, then.
Hit: a) +0 dagger You swing at nothing.
You aren't carrying any items that you can evoke.
Unknown command.
Unknown command.
Unknown command.
Okay, then.
Okay, then.
Unknown command.
Okay, then.
Unknown command.

##..........#####.##..........
##.####.#.#.# #.#.#.########
##.####.#.#(# ##..###.#
..........#.# #...>#..#
.......÷..#.# #.###.#.#
.(.####).##.# #.# ###.# #..#
#..# .# #.# #.# #..###...##
#)# #.#
.........#..####@#####.#
..........#............#
######.#.###.#.#.....#####$.#
.......... ##...(#........g..
.#####.#.###.###.....#####..#
.###.....>#.......#..#
.....................# .#.....
.............# .#.#.#.
..##.#########


There were no monsters in sight!

Vanquished Creatures
  A gnoll (D:1)
  A dart slug (D:1)
  4 bats (D:1)
  4 endoplasms (D:1)
  2 goblins (D:1)
  6 hobgoblins (D:1)
  2 kobolds (D:1)
  A quokka (D:1)
  A ball python (D:1)
  4 frilled lizards (D:1)
  3 rats (D:1)
29 creatures vanquished.

Notes
Turn   | Place    | Note
-------+----------+-------------------------------------------
     0 | D:1      | Dernum the Djinni Hedge Wizard began the quest for the Orb.
     0 | D:1      | Reached XP level 1. HP: 15/15 MP: 0/0
   246 | D:1      | Found a faded altar of an unknown god.
   254 | D:1      | Prayed at the altar of an unknown god.
   254 | D:1      | Became a worshipper of Qazlal Stormbringer
   254 | D:1      | Reached * piety under Qazlal
   279 | D:1      | Reached XP level 2. HP: 8/21 MP: 0/0
   964 | D:1      | Reached XP level 3. HP: 25/26 MP: 0/0
   964 | D:1      | Learned a level 1 spell: Shock
  1341 | D:1      | Reached skill level 1 in Fighting
  1673 | D:1      | Reached skill level 3 in Dodging
  1727 | D:1      | Quit the game

Illustrated notes

Levels and vault maps discovered:
D:1:      lightli_arrival_chessboard, layout_loops_ring, basic_ecumenical_altar,
          minmay_octomino_c4

Skill      XL: |  1  2  3 |
---------------+----------+-----
Fighting       | 1 |  1.1
Dodging        | 3 |  3.0
Stealth        | |  1.9
Spellcasting   | |  2.8

Action                   || total
-------------------------++-------
Melee: Dagger            ||    23
 Cast: Magic Dart        ||    66
Armor: Robe              ||     1
       Ring mail         ||     4
Dodge: Dodged            ||    11
Block: Other             ||     3

Table legend: (Time is in decaauts)
 A = Elapsed time spent in this place.
 B = Non-inter-level travel time spent in this place.
 C = Inter-level travel time spent in this place.
 D = Time resting spent in this place.
 E = Time spent auto-exploring this place.
 F = Levels seen in this place.
 G = Mean time per level.
                   A        B        C        D        E       F      G
               +--------+--------+--------+--------+--------+-----+--------+
         Total |   1727 |   1727 |      0 |   1004 |    394 |   1 | 1727.0 |
       Dungeon |   1727 |   1727 |      0 |   1004 |    394 |   1 | 1727.0 |
               +--------+--------+--------+--------+--------+-----+--------+

Top non-repeatable levels by time:
     D:1: 1727 daAuts
